 Dungeon Crawl Stone Soup version 0.22-a0-587-g7d32d7c (webtiles) character file.

30 royokou the Chopper (level 3, 0/31 HPs)
             Began as a Hill Orc Fighter on July 4, 2018.
             Slain by Sigmund
             ... wielding a +0 scythe
              (4 damage)
             ... on level 2 of the Dungeon.
             The game lasted 00:05:08 (866 turns).

royokou the Chopper (Hill Orc Fighter)               Turns: 866, Time: 00:05:08

Health: 0/31       AC: 11    Str: 18    XL:     3   Next: 18%
Magic:  3/3        EV:  3    Int:  8    God:
Gold:   47         SH:  9    Dex: 11    Spells: 2/2 levels left

rFire    . . .     SeeInvis .   a - +0 war axe
rCold    . . .     Gourm    .   c - +0 shield
rNeg     . . .     Faith    .   g - +0 plate armour
rPois    .         Spirit   .   (no helmet)
rElec    .         Reflect  .   (no cloak)
rCorr    .         Harm     .   (no gloves)
MR       .....                  (no boots)
Stlth    ..........             (no amulet)
HPRegen  0.10/turn              (no ring)
MPRegen  0.08/turn              (no ring)

@: no status effects
A: no striking features
a: no special abilities


You were on level 2 of the Dungeon.
You were not hungry.

You visited 1 branch of the dungeon, and saw 2 of its levels.

You collected 47 gold pieces.

Inventory:

Hand Weapons
 a - a +0 war axe (weapon)
 b - a +0 hunting sling
Armour
 c - a +0 shield (worn)
 g - a +0 plate armour (worn)
 l - a +0 scale mail
Scrolls
 i - 2 scrolls of magic mapping {unknown}
 j - 2 scrolls of identify {unknown}
 k - a scroll of teleportation {unknown}
Potions
 d - a potion of might
 e - 2 potions of magic {unknown}
 h - a potion of agility {unknown}
 m - a potion of flight {unknown}
Comestibles
 f - 2 rations


   Skills:
 - Level 3.6 Fighting
 + Level 4.7 Axes
 - Level 3.2 Armour
 - Level 3.2 Shields


You had 2 spell levels left.
You didn't know any spells.
Your spell library was empty.

Dungeon Overview and Level Annotations

Branches:
Dungeon (2/15)

Altars:

Annotations:
D:2 1 transporter, Sigmund


Message History

Sigmund flickers and vanishes!
You block the rat's attack.
You hit the rat.
You kill the rat!
You block something's attack. Something hits you!
Ouch! That really hurt!
You closely miss something. You block something's attack.
Your plate armour prevents you from hitting something.
You closely miss something. Something hits you!
* * * LOW HITPOINT WARNING * * *
You slash something!
You hear some strange, mumbled words.
Something tries to affect you, but you resist.
Something hits you.
* * * LOW HITPOINT WARNING * * *
You hit something.
Your shield and plate armour prevent you from hitting something.
You block something's attack.
You miss something. Something hits you.
You die...

#.#
#..(.......(#
#.#
#...........#
#.#
#...........#
#.#
#.....#######
#.# ##########.
#.# ....... #.#
....... #.#
......S
#@######.......
#.{............
.
#########.####.
. # . . .


There were no monsters in sight!

Vanquished Creatures
  A worm (D:1)
  2 dart slugs (D:1)
  2 leopard geckos (D:1)
  5 bats
  A goblin (D:1)
  4 hobgoblins (D:1)
  2 kobolds (D:1)
  A frilled lizard (D:1)
  3 rats
21 creatures vanquished.

Notes
Turn   | Place    | Note
-------+----------+-------------------------------------------
     0 | D:1      | royokou the Hill Orc Fighter began the quest for the Orb.
     0 | D:1      | Reached XP level 1. HP: 19/19 MP: 1/1
    19 | D:1      | Reached skill level 3 in Axes
    92 | D:1      | Reached XP level 2. HP: 26/26 MP: 2/2
   183 | D:1      | Reached skill level 4 in Axes
   380 | D:1      | Reached XP level 3. HP: 31/31 MP: 3/3
   609 | D:2      | Found a transporter.
   612 | D:2      | Noticed Sigmund
   866 | D:2      | Slain by Sigmund

Vault maps used:
D:1:      dpeg_arrival_boxes_within_box, st_stairs_14
D:2:      gammafunk_temple_overflow_arena, uniq_sigmund

Skill      XL: |  1  2 |
---------------+-------+-----
Axes           | 3 4 |  4.7
Fighting       | |  3.6
Armour         | |  3.2
Shields        | |  3.2

Action                   || total
-------------------------++-------
Melee: War axe           ||    61
Armor: Scale mail        ||    13
       Plate armour      ||    28
Dodge: Dodged            ||    13
Block: Shield            ||    44

Table legend:
 A = Spawn XP
 B = Non-spawn XP
 C = Spawn XP percentage of total XP
 D = Spawn monster count
 E = Non-spawn monster count
 F = Spawn count percentage of total count
 G = Total turns spent on level
                    A         B        C        D         E        F      G
               +---------+---------+-------+---------+---------+-------+---------
         Total |       0 |      43 |   0.0 |       0 |      21 |   0.0 |   866
               +---------+---------+-------+---------+---------+-------+---------
           D:1 |       0 |      41 |   0.0 |       0 |      19 |   0.0 |   758
           D:2 |       0 |       2 |   0.0 |       0 |       2 |   0.0 |   108
               +---------+---------+-------+---------+---------+-------+---------
